AoeStats
← 烏雲中

Arabia

509105216Analyzed
1v1 RM · 7d ago on Sep 25, 2026· 26m 3s· 2 players
Game mode
Random Map
Map size
Tiny (2 player)
Population
200
Speed
Normal
Resources
Standard
Victory
Conquest
Starting age
Dark Age
Ending age
Imperial Age
RankedLock teamsTeams togetherTeam positionsShared explorationLock speedFull tech treeHidden civsTurbo modeCheats
Victory
Defeat
🇨🇿 Spanish · Czechia
1083
+16
🇹🇼 Varangians · Taiwan
1085
-16
jmeno
7:36 Loom
10:04 Feudal Age
14:03 Scale Barding Armor
17:23 Bloodlines
21:11 Castle Age
19:56 Forging
23:51 Chain Barding Armor
23:58 Double-Bit Axe
25:21 Horse Collar
烏雲中
5:56 Loom
10:23 Feudal Age
11:23 Double-Bit Axe
15:19 Horse Collar
16:59 Wheelbarrow
20:40 Castle Age
21:01 Light Cavalry
21:57 Bloodlines
21:55 Husbandry
22:28 Scale Barding Armor
22:34 Forging
24:38 Fletching
Connection lost

Rejoining the realm…

Still unreachable

The connection could not be restored.

Session expired

The server has moved on; the page needs a fresh start.